AoeStats
← ARCxxBLaZeX

Arabia

509117813Analyzed
1v1 RM · 7d ago on Sep 25, 2026· 40m 2s· 2 players
Game mode
Random Map
Map size
Tiny (2 player)
Population
200
Speed
Normal
Resources
Standard
Victory
Conquest
Starting age
Dark Age
Ending age
Imperial Age
RankedLock teamsTeams togetherTeam positionsShared explorationLock speedFull tech treeHidden civsTurbo modeCheats
Victory
Defeat
🇦🇷 Persians · Argentina
398
+16
🇮🇳 Magyars · India
389
-16
ARCxxBLaZeX
0:36 Loom
13:38 Feudal Age
14:05 Double-Bit Axe
14:48 Horse Collar
22:45 Scale Mail Armor
30:30 Castle Age
29:40 Gold Mining
30:14 Man-at-Arms
30:35 Pikeman
32:01 Bow Saw
33:04 Wheelbarrow
31:59 Elite Skirmisher
34:19 Stone Mining
35:18 Heavy Plow
36:41 Padded Archer Armor
39:41 Leather Archer Armor
39:21 Fletching
ElAguijon
7:05 Loom
9:53 Feudal Age
11:48 Double-Bit Axe
13:06 Horse Collar
16:12 Forging
17:19 Town Watch
23:20 Castle Age
21:49 Fletching
22:41 Gold Mining
23:34 Bloodlines
24:43 Wheelbarrow
26:59 Thumb Ring
28:45 Husbandry
28:59 Padded Archer Armor
29:01 Light Cavalry
30:30 Bow Saw
32:16 Parthian Tactics
36:28 Scale Barding Armor
40:01 Imperial Age
Connection lost

Rejoining the realm…

Still unreachable

The connection could not be restored.

Session expired

The server has moved on; the page needs a fresh start.